 Dungeon Crawl Stone Soup version 0.20-a0-869-gcf33cab (webtiles) character file.

541 AlphabetPasta the Charlatan (level 7, -3/52 HPs)
             Began as a Barachi Artificer on Mar 13, 2017.
             Was an Initiate of Okawaru.
             Splashed by a jelly's acid (7 damage)
             ... on level 5 of the Dungeon.
             The game lasted 00:19:16 (5601 turns).

AlphabetPasta the Charlatan (Barachi Artificer)     Turns: 5601, Time: 00:19:18

Health: -3/52      AC: -8    Str: 18    XL:     7   Next: 26%
Magic:  11/11      EV: 11    Int: 11    God:    Okawaru [......]
Gold:   149        SH:  0    Dex: 14    Spells: 6/6 levels left

rFire    . . .     SeeInvis .   m - +0 falchion
rCold    . . .     Gourm    .   p - +1 scale mail
rNeg     . . .     Faith    .   (no shield)
rPois    .         Spirit   .   (no helmet)
rElec    .         Reflect  .   (no cloak)
rCorr    .         Harm     .   (no gloves)
MR       .....                  (no boots)
Stlth    ..........             (no amulet)
Regen    0.2/turn               n - +4 ring of strength
MPRegen  0.2/turn               (no ring)

@: corroded, slow
A: +LOS, swims, slowness 1, strong legs 1
a: Hop, Renounce Religion


You were on level 5 of the Dungeon.
You worshipped Okawaru.
Okawaru was noncommittal.
You were hungry.

You visited 1 branch of the dungeon, and saw 5 of its levels.

You collected 149 gold pieces.

Inventory:

Hand Weapons
 a - a +0 short sword
 m - a +0 falchion (weapon)
Missiles
 g - 37 bolts
Armour
 b - a +0 leather armour
 p - a +1 scale mail (worn)
Jewellery
 n - a +4 ring of strength (right hand)
Wands
 c - a wand of flame (1/48)
 d - a wand of enslavement (13/24)
 e - a wand of random effects (0/48)
Scrolls
 l - 4 scrolls of teleportation
 q - 2 scrolls of remove curse
Potions
 k - a potion of haste {unknown}
 o - a potion of curing
 r - a potion of agility
 s - a potion of brilliance {unknown}
 t - a potion of lignification {unknown}
Comestibles
 f - 2 bread rations
 j - 2 meat rations


   Skills:
 + Level 3.6 Fighting
 - Level 1.1(2.1) Short Blades
 * Level 3.0(3.1) Long Blades
 + Level 3.3 Armour
 + Level 4.0 Dodging
 - Level 0.8 Stealth
 + Level 0.8 Invocations
 * Level 5.7 Evocations


You had 6 spell levels left.
You didn't know any spells.

Dungeon Overview and Level Annotations

Branches:
Dungeon (5/15)
 Temple: D:4-7

Altars:
Elyvilon
Okawaru
Ru
Sif Muna
The Shining One


Innate Abilities, Weirdness & Mutations

Shadows flee at your approach. (+LOS)
You can swim through water.
You cover ground slowly.
You can hop short distances.


Message History

The jelly closely misses you. The jelly misses you.
You hit the jelly. The acid corrodes you!
Your hands burn!
The jelly is heavily wounded.
The jelly hits you.
You are splashed with acid!
The acid burns!
You hit the jelly but do no damage. The acid corrodes you!
Your hands burn!
The jelly is heavily wounded.
The jelly hits you. The acid corrodes you!
You are splashed with acid!
The acid burns!
* * * LOW HITPOINT WARNING * * *
You hit the jelly but do no damage. The acid corrodes you!
Your hands burn!
* * * LOW HITPOINT WARNING * * *
The jelly is heavily wounded.
The jelly closely misses you.
You hit the jelly.
Your hands burn!
* * * LOW HITPOINT WARNING * * *
The jelly is severely wounded.
The jelly hits you.
* * * LOW HITPOINT WARNING * * *
You are splashed with acid!
The acid burns!
You die...

........ ........
........ ........
........ ........
........
######J.......
#....@..# ##.###..#
########.# #...#..#
#......... ###.#..#.
#.........
#.#..#.##.........
#.#..#.##.........
#.#..#.##.........
####.####.##.........
#.......#.##.........


You could see a jelly.

Vanquished Creatures
  A phantom (D:5)
  An ogre (D:4)
  A crimson imp (D:4)
  An orc priest (D:4)
  A bullfrog skeleton (D:4)
  2 orc wizards (D:4)
  A worker ant zombie (D:5)
  10 adders
  2 oozes
  4 worms
  2 dart slugs (D:1)
  2 leopard geckos
  5 orcs (D:4)
  6 bats
  3 giant cockroaches
  11 goblins
  12 hobgoblins
  12 jackals
  9 kobolds
  A quokka (D:4)
  7 frilled lizards
  A giant cockroach zombie (D:4)
  A leopard gecko skeleton (D:4)
  6 rats
102 creatures vanquished.

Vanquished Creatures (others)
  2 orcs (D:4)
2 creatures vanquished.

Grand Total: 104 creatures vanquished

Notes
Turn   | Place    | Note
-------+----------+-------------------------------------------
     0 | D:1      | AlphabetPasta the Barachi Artificer began the quest for the Orb.
     0 | D:1      | Reached XP level 1. HP: 15/15 MP: 3/3
   330 | D:1      | Reached XP level 2. HP: 21/21 MP: 4/4
   381 | D:1      | Reached skill level 1 in Armour
   613 | D:1      | Reached XP level 3. HP: 14/27 MP: 5/5
  1496 | D:2      | Reached skill level 4 in Evocations
  1569 | D:2      | Reached XP level 4. HP: 29/33 MP: 7/7
  2289 | D:2      | Reached XP level 5. HP: 34/39 MP: 8/8
  3310 | D:3      | Found a white marble altar of Elyvilon.
  3643 | D:4      | Reached skill level 1 in Long Blades
  3722 | D:4      | Reached skill level 5 in Evocations
  4076 | D:4      | Reached XP level 6. HP: 47/47 MP: 9/9
  4114 | D:4      | Found a deep blue altar of Sif Muna.
  4172 | D:4      | Found a glowing golden altar of the Shining One.
  4396 | D:3      | Found an iron altar of Okawaru.
  4407 | D:3      | Became a worshipper of Warmaster Okawaru
  4964 | D:4      | Found a sacrificial altar of Ru.
  5045 | D:5      | Entered Level 5 of the Dungeon
  5056 | D:5      | Noticed a phantom
  5259 | D:5      | Killed a phantom
  5259 | D:5      | Reached XP level 7. HP: 17/52 MP: 11/11
  5601 | D:5      | Splashed by a jelly's acid

Vault maps used:
D:1:      dpeg_arrival_long_road
D:2:      kb_forest_paths
D:3:      nicolae_overflow_hidden_temple
D:4:      kennysheep_little_box, chequers_temple_overflow_statue_of_worship,
          first_bread
D:5:      lemuel_crystal_altar, serial_shops, shop, amethyst_killhole

Skill      XL: |  1  2  3  4  5  6  7 |
---------------+----------------------+-----
Armour         | 1 2 3 |  3.3
Fighting       | 2 3 |  3.6
Evocations     | 4 5 |  5.7
Dodging        | 3 4 |  4.0
Long Blades    | 1 2 3 |  3.0
Short Blades   | |  1.1
Stealth        | |  0.8
Invocations    | |  0.8

Action                   |  1- 3 |  4- 6 |  7- 9 || total
-------------------------+-------+-------+-------++-------
Melee: Short sword       |   152 |   144 |       ||   296
       Falchion          |       |   209 |    66 ||   275
 Abil: Hop               |       |     1 |       ||     1
Evoke: Wand              |     3 |    28 |       ||    31
  Use: Scroll            |     2 |     5 |     1 ||     8
       Potion            |       |     1 |       ||     1
 Stab: Confused          |       |     1 |       ||     1
  Eat: Chunk             |     3 |    12 |       ||    15
       Royal jelly       |       |     1 |       ||     1
Armor: Leather armour    |    42 |     3 |       ||    45
       Scale mail        |       |   114 |    29 ||   143
Dodge: Dodged            |    95 |   196 |    27 ||   318
       Rpst.: Falchion   |       |    32 |    12 ||    44
